 Dungeon Crawl Stone Soup version 0.30-a0-325-gb515db48ae (webtiles) character file.

Game seed: 788442328037309170

388 Devinter the Caller (level 6, 0/41 HPs)
             Began as a Merfolk Summoner on Oct 28, 2022.
             Splashed by a jelly's acid (10 damage)
             ... on level 4 of the Dungeon.
             The game lasted 00:23:24 (3268 turns).

Devinter the Caller (Merfolk Summoner)              Turns: 3268, Time: 00:23:25

Health: 0/41       AC: -5    Str:  8    XL:     6   Next: 79%
Magic:  6/12       EV: 13    Int: 16    God:
Gold:   166        SH:  0    Dex: 15    Spells: 10/14 levels left

rFire   . . .      SeeInvis .    x - +1 short sword (flame)
rCold   . . .      Faith    .    (no shield)
rNeg    . . .      Spirit   .    i - +0 leather armour {rPois}
rPois   +          Reflect  .    A - +2 hat
rElec   .          Harm     .    B - +0 cloak
rCorr   .          Rampage  .    (no gloves)
Will    .....                    (no boots)
Stlth   ++........               (no amulet)
HPRegen 0.26/turn                (no ring)
MPRegen 0.13/turn                (no ring)

@: corroded
A: (nimble swimmer 2), mertail
a: no special abilities


You were on level 4 of the Dungeon.
You visited 1 branch of the dungeon, and saw 5 of its levels.

You collected 166 gold pieces.

Inventory:

Hand Weapons
 l - a +0 flail
 n - a +0 falchion
 q - a +1 mace of holy wrath
 x - a +1 short sword of flaming (weapon)
 z - a +0 vampiric hand axe
Missiles
 h - 6 poisoned darts
Armour
 a - a +0 robe
 i - a +0 leather armour of poison resistance (worn)
 u - a +4 ring mail
 v - a +3 scale mail of cold resistance
 w - a +0 tower shield
 y - a scarf of harm
 A - a +2 hat (worn)
 B - a +0 cloak (worn)
Magical Staves
 s - a staff of death
Scrolls
 c - 3 scrolls of identify {unknown}
 e - 2 scrolls of teleportation {unknown}
 j - 3 scrolls of enchant weapon {unknown}
 p - a scroll of blinking {unknown}
 C - a scroll of immolation {unknown}
Potions
 b - a potion of magic
 d - a potion of might {unknown}
 f - a potion of resistance
 g - a potion of curing
 k - a potion of flight {unknown}
 m - 2 potions of haste
 o - a potion of ambrosia {unknown}
 r - a potion of brilliance {unknown}
 t - 2 potions of heal wounds {unknown}


   Skills:
 - Level 1.0 Armour
 - Level 5.0 Dodging
 - Level 3.0 Stealth
 + Level 4.5 Spellcasting
 - Level 5.0 Summonings


You had 10 spell levels left.
You knew the following spells:

 Your Spells              Type           Power      Damage    Failure   Level
a - Summon Small Mammal   Summ           76%        N/A       3%          1
b - Call Canine Familiar  Summ           19%        N/A       9%          3

Your spell library contained the following spells:

 Spells                   Type           Power      Damage    Failure   Level
 Call Imp                 Summ           19%        N/A       4%          2
 Slow                     Hex            12%        N/A       22%         1
 Summon Guardian Golem    Hex/Summ       11%        N/A       24%         3
 Confusing Touch          Hex            3%         N/A       56%         3
 Vampiric Draining        Necr           3%         2d6       56%         3
 Summon Lightning Spire   Summ/Air       11%        N/A       63%         4


Dungeon Overview and Level Annotations

Branches:
Dungeon (5/15)
 Temple: D:4-7

Altars:
Ashenzari
Vehumet
The Shining One

Annotations:
D:3 exclusion: statue


Innate Abilities, Weirdness & Mutations

((You are very nimble when in or above water. (Stealth+, EV+, Speed+++)))
Your lower body shifts to a powerful aquatic tail in water.


Message History

Anything else - Cancel.
Gang up on whom?
Press: ? - help, Dir - move target, f - two-headed ogre
Aim: a two-headed ogre, wielding two +0 giant spiked clubs (ally target) Attack!
You aren't carrying any items that you can evoke.
Your hound bites the two-headed ogre but does no damage.
The two-headed ogre hits your hound with a +0 giant spiked club! x2
Your hound dies!
Your hound's corpse disappears in a puff of smoke!
You climb upwards.
There is a stone staircase leading down here.
There is a stone staircase leading down here.
You climb downwards.
The jelly quivers.
There is a stone staircase leading up here.
You barely miss the jelly. The jelly closely misses you.
Unknown command.
Casting: Call Canine Familiar (dangerous; 9% risk of failure)
Confirm with . or Enter, or press ? or * to list all spells.
The jelly hits you.
You are splashed with acid!
You hit the jelly. You burn the jelly. The acid corrodes you!
Your hands burn!
The jelly is heavily wounded.
The jelly hits you. The acid corrodes you!
You are splashed with acid!
The jelly hits you.
You are splashed with acid!
* * * LOW HITPOINT WARNING * * *
Your hound bites the iguana!
You climb upwards.
There is a stone staircase leading down here.
Casting: Call Canine Familiar (dangerous; 9% risk of failure)
Confirm with . or Enter, or press ? or * to list all spells.
The jelly hits you.
* * * LOW HITPOINT WARNING * * *
The acid corrodes you!
You are splashed with acid!
You die...

######### ........# ........#
........# ##### ........#
##...######### #......##
###....⌠#......#
#......#####.........####.#
#.............⌠.@J.÷.##...#
.##..............h...##.########
.##.........##....⌠..##........#
.##.....>...###...#####..##....#
.##.........# ##..# #..#.....#
.##.........# #.## #..#.....#
.##.........####.# #..#.#+#.#
.##).............######..#.#.#.#
....................>....#.#.#.#


You could see a jelly (ally target) and a friendly hound (summoned).

Vanquished Creatures
  A hound (D:4)
  An orc priest (D:4)
  Natasha (D:2)
  2 adders
  A dart slug (D:3)
  4 orcs
  4 endoplasms
  2 giant cockroaches (D:3)
  4 goblins
  3 hobgoblins
  3 jackals (D:3)
  A quokka (D:1)
  A ball python (D:2)
  4 bats
  2 kobolds (D:3)
  2 rats
36 creatures vanquished.

Vanquished Creatures (collateral kills)
  A phantom (D:4)
  A hound (D:4)
  Terence (D:3)
  An orc wizard (D:4)
  Natasha (D:2)
  4 adders
  2 dart slugs (D:1)
  2 orcs
  2 ball pythons
  2 endoplasms
  2 goblins
  4 hobgoblins
  A quokka (D:1)
  4 bats (D:1)
  5 frilled lizards
  2 rats (D:1)
35 creatures vanquished.

Grand Total: 71 creatures vanquished

Notes
Turn   | Place    | Note
-------+----------+-------------------------------------------
     0 | D:1      | Devinter the Merfolk Summoner began the quest for the Orb.
     0 | D:1      | Reached XP level 1. HP: 13/13 MP: 3/3
   194 | D:1      | Reached skill level 3 in Dodging
   194 | D:1      | Reached XP level 2. HP: 15/19 MP: 1/5
   685 | D:1      | Reached XP level 3. HP: 22/24 MP: 4/6
   764 | D:1      | Learned a level 3 spell: Call Canine Familiar
   958 | D:2      | Noticed Natasha
   965 | D:2      | Killed Natasha
   966 | D:2      | Reached skill level 3 in Stealth
   984 | D:2      | Reached XP level 4. HP: 22/30 MP: 2/7
  1005 | D:2      | Noticed Natasha
  1184 | D:2      | Killed Natasha
  1403 | D:3      | Found a broken altar of Ashenzari.
  1597 | D:3      | Reached XP level 5. HP: 35/35 MP: 5/9
  1665 | D:3      | Found a radiant altar of Vehumet.
  1665 | D:3      | Noticed a charred statue
  1676 | D:3      | Found a glowing golden altar of the Shining One.
  1700 | D:3      | Reached skill level 4 in Dodging
  1833 | D:3      | Reached skill level 5 in Summonings
  1858 | D:3      | Noticed Terence
  1875 | D:3      | Killed Terence
  1876 | D:3      | Reached skill level 3 in Spellcasting
  2603 | D:4      | Reached XP level 6. HP: 38/41 MP: 6/11
  2710 | D:4      | Reached skill level 1 in Armour
  2710 | D:4      | Reached skill level 5 in Dodging
  2878 | D:4      | Reached skill level 4 in Spellcasting
  3245 | D:5      | Entered Level 5 of the Dungeon
  3245 | D:5      | Noticed a two-headed ogre
  3268 | D:4      | Splashed by a jelly's acid

Illustrated notes

Levels and vault maps discovered:
D:1:      amcnicky_arrival_underground_garden, layout_rooms,
          chequers_serial_rivers_large_a, chequers_serial_rivers_small_a
D:2:      layout_loops_ring, small_statue_intersection, uniq_natasha
D:3:      kennysheep_big_flooded_room, layout_loops_cross,
          cheibrodos_ashenzari_chains, lemuel_round_altar, vehumet_statue,
          serial_bayou_ford_a, uniq_terence
D:4:      layout_basic, grunt_ministairs_1
D:5:      layout_rooms, nicolae_qazlal_eye_of_the_storm

Skill      XL: |  1  2  3  4  5  6 |
---------------+-------------------+-----
Dodging        | 3 4 5 |  5.0
Stealth        | 3 |  3.0
Summonings     | 5 |  5.0
Spellcasting   | 3 4 |  4.5
Armour         | 1 |  1.0

Action                   |  1- 3 |  4- 6 || total
-------------------------+-------+-------++-------
Melee: Unarmed           |    80 |       ||    80
       Punch             |     1 |     3 ||     4
       Flail             |     7 |     2 ||     9
       Falchion          |       |    69 ||    69
       Short sword       |       |    39 ||    39
       Tailslap          |       |     2 ||     2
 Cast: Summon Small Mamm |    17 |       ||    17
       Call Canine Famil |     4 |    16 ||    20
  Use: Potion            |       |     3 ||     3
 Stab: Sleeping          |     3 |     3 ||     6
       Distracted        |     1 |       ||     1
Armor: Robe              |    15 |    10 ||    25
       Leather armour    |       |    10 ||    10
Dodge: Dodged            |    91 |   102 ||   193

Table legend: (Time is in decaauts)
 A = Elapsed time spent in this place.
 B = Non-inter-level travel time spent in this place.
 C = Inter-level travel time spent in this place.
 D = Time resting spent in this place.
 E = Time spent auto-exploring this place.
 F = Levels seen in this place.
 G = Mean time per level.
                   A        B        C        D        E       F      G
               +--------+--------+--------+--------+--------+-----+--------+
         Total |   3244 |   3111 |    133 |    395 |   1010 |   5 |  648.8 |
       Dungeon |   3244 |   3111 |    133 |    395 |   1010 |   5 |  648.8 |
               +--------+--------+--------+--------+--------+-----+--------+

Top non-repeatable levels by time:
     D:3: 978 daAuts
     D:4: 867 daAuts
     D:1: 776 daAuts
     D:2: 613 daAuts
     D:5: 8 daAuts
